 Dungeon Crawl Stone Soup version 0.15-a0-2388-g9f833ab (webtiles) character file.

56 Charly the Ruinous (level 3, 0/19 HPs)
             Began as a Tengu Air Elementalist on Aug 2, 2014.
             Succumbed to an adder's poison
             ... on Level 4 of the Dungeon.
             The game lasted 00:08:08 (687 turns).

Charly the Ruinous (Tengu Air Elementalist)          Turns: 687, Time: 00:08:08

HP   0/19        AC  3     Str  8      XL: 3   Next: 95%
MP   0/7         EV 12     Int 16      God:
Gold 85          SH  0     Dex 14      Spells:  3 memorised,  0 levels left

rFire  . . .     SeeInvis .     (no weapon)
rCold  . . .     Clarity  .     a - +1 robe
rNeg   . . .     rCorr    .     (no shield)
rPois  .         rRot     .     (helmet restricted)
rElec  .         Spirit   .     (no cloak)
SustAb .         Warding  .     (no gloves)
rMut   .         Stasis   .     (boots unavailable)
Gourm  .                        (no amulet)
MR     .....                    (no ring)
                                (no ring)

@: lethally poisoned, not resistant to hostile enchantments, unstealthy
A: beak, talons 3
a: no special abilities


You were on level 4 of the Dungeon.
You were not hungry.

You visited 1 branch of the dungeon, and saw 4 of its levels.
You also visited: Sewer.

You collected 85 gold pieces.

Inventory:

Armour
 a - a +1 robe (worn)
Comestibles
 c - 2 bread rations
 f - a royal jelly
 j - 2 meat rations
Scrolls
 h - a scroll of enchant armour
Potions
 d - a potion of resistance {unknown}
 e - a potion of brilliance {unknown}
 i - a potion of heal wounds {unknown}
 l - a potion of might {unknown}
Books
 b - a book of Air

   Spells                             Type                      Level
   *Shock                             Conjuration/Air              1
   *Swiftness                         Charms/Air                   2
   Repel Missiles                     Charms/Air                   2
   Flight                             Charms/Air                   3
   *Static Discharge                  Conjuration/Air              3
   Lightning Bolt                     Conjuration/Air              5


   Skills:
 - Level 2.1 Dodging
 - Level 2.0 Stealth
 - Level 2.0 Spellcasting
 * Level 4.5 Conjurations
 + Level 4.4 Air Magic


You couldn't memorise any spells.
You knew the following spells:

 Your Spells              Type           Power        Failure   Level  Hunger
d - Static Discharge      Conj/Air       ###.....     12%         3    ####...
q - Swiftness             Chrm/Air       #.......     14%         2    ###....
s - Shock                 Conj/Air       ###.         4%          1    #......


Dungeon Overview and Level Annotations

Branches:
Dungeon (4/15)
 Temple: D:4-7

Altars:
Trog


Innate Abilities, Weirdness & Mutations

You have a beak for a mouth.
You have claws for feet.


Message History

You hit the adder. Your kick misses the adder.
The adder is almost dead.
You feel sick. The adder bites you.
* * * LOW HITPOINT WARNING * * *
You are more poisoned.
The adder poisons you! The adder closely misses you.
You hit the adder but do no damage. Your kick misses the adder.
The adder is almost dead.
* * * LOW HITPOINT WARNING * * *
You feel sick. The adder misses you.
You closely miss the adder.
The adder is almost dead.
* * * LOW HITPOINT WARNING * * *
You feel sick. The adder bites you.
* * * LOW HITPOINT WARNING * * *
You are more poisoned.
The adder poisons you!
You closely miss the adder.
The adder is almost dead.
You die...

..# .. . ........... ##.
....#..... ###.. #...#....
.. #..... ##.......##... ##
#.....## #...##......... .#
#......###.....#.........
..# #.......#.............
..# #.......@S.....$$..#
.####
##..##.............##. ##
#..####.....##.)......?....
#....###....##........... #
###........###.......... ##
###....###..............
.#####.....##
#...##.........
..........## ..).##.....>..
..........................#


You could see an adder.

Vanquished Creatures
  An adder (D:3)
  3 green rats
  A giant gecko (D:3)
  2 bats
  2 giant cockroaches
  2 goblins
  5 kobolds
  3 giant newts
  4 rats
23 creatures vanquished.

Notes
Turn   | Place    | Note
--------------------------------------------------------------
     0 | D:1      | Charly, the Tengu Air Elementalist, began the quest for the Orb.
     0 | D:1      | Reached XP level 1. HP: 10/10 MP: 3/3
   155 | D:2      | Reached XP level 2. HP: 15/15 MP: 1/5
   159 | D:2      | Learned a level 2 spell: Swiftness
   267 | D:2      | Found a bloodstained altar of Trog.
   418 | D:3      | Reached XP level 3. HP: 19/19 MP: 5/7
   423 | D:3      | Learned a level 3 spell: Static Discharge
   471 | D:3      | Found a glowing drain.
   475 | Sewer    | Entered a sewer
   687 | D:4      | Succumbed to an adder's poison

Action                   || total
-------------------------++-------
Melee: Unarmed           ||    37
 Cast: Shock             ||    33
       Static Discharge  ||     1
  Use: Scroll            ||     4
       Potion            ||     1
 Stab: Sleeping          ||     1
